 Dungeon Crawl Stone Soup version 0.27-a0-13-g87abb2d9eb (webtiles) character file.

Game seed: 15114716747779001281

506 funkygono the Gusty (level 6, -5/47 HPs)
             Began as a Draconian Air Elementalist on Jan 2, 2021.
             Slain by a mummy (11 damage)
             ... in an ossuary.
             The game lasted 00:09:44 (5564 turns).

funkygono the Gusty (Draconian Air Elementalist)    Turns: 5564, Time: 00:09:44

Health: -5/47      AC: 14    Str: 10    XL:     6   Next: 97%
Magic:  2/12       EV: 13    Int: 17    God:
Gold:   236        SH:  0    Dex: 12    Spells: 3/13 levels left

rFire    . . .     SeeInvis .   c - +2 mace (protect)
rCold    . . .     Faith    .   (no shield)
rNeg     . . .     Spirit   .   (armour unavailable)
rPois    .         Reflect  .   (helmet restricted)
rElec    .         Harm     .   (no cloak)
rCorr    .         Rampage  .   l - +0 pair of gloves
Will     .....                  (no boots)
Stlth    ++........             (no amulet)
HPRegen  0.15/turn              (no ring)
MPRegen  0.13/turn              (no ring)

@: protection aura
A: unfitting armour, cold-blooded, AC +6
a: no special abilities


You were in an ossuary.
You visited 1 branch of the dungeon, and saw 5 of its levels.
You also visited: Sewer and Ossuary.

You collected 236 gold pieces.

Inventory:

Hand Weapons
 a - a +0 whip
 c - a +2 mace of protection (weapon)
Armour
 l - a +0 pair of gloves (worn)
Wands
 d - a wand of iceblast (9)
 g - a wand of random effects (12)
 h - a wand of flame (31)
Scrolls
 e - 2 scrolls of remove curse
 n - a scroll of amnesia
 o - a scroll of teleportation {unknown}
Potions
 b - a potion of heal wounds
 f - 3 potions of attraction
 i - 2 potions of curing {unknown}
 j - a potion of haste {unknown}
 k - 2 potions of berserk rage {unknown}
 m - a potion of might {unknown}
 p - a potion of invisibility {unknown}


   Skills:
 + Level 1.3 Fighting
 + Level 2.1 Maces & Flails
 + Level 2.6 Dodging
 + Level 2.3 Stealth
 + Level 4.1 Spellcasting
 + Level 2.9 Conjurations
 + Level 4.6 Air Magic


You had 3 spell levels left.
You knew the following spells:

 Your Spells              Type           Power        Failure   Level
a - Shock                 Conj/Air       64%          3%          1
b - Swiftness             Air            19%          3%          2
c - Static Discharge      Conj/Air       16%          10%         3
d - Airstrike             Air            9%           22%         4

Your spell library contained the following spells:

 Spells                   Type           Power        Failure   Level
 Magic Dart               Conj           52%          4%          1
 Animate Skeleton         Necr           6%           16%         1
 Apportation              Tloc           6%           16%         1
 Corona                   Hex            3%           16%         1
 Summon Small Mammal      Summ           12%          16%         1
 Mephitic Cloud           Conj/Pois/Air  12%          17%         3
 Blink                    Tloc           N/A          24%         2
 Call Imp                 Summ           3%           24%         2
 Slow                     Hex            3%           24%         2
 Conjure Flame            Conj/Fire      8%           26%         3
 Lightning Bolt           Conj/Air       8%           65%         5


Dungeon Overview and Level Annotations

Branches:
Dungeon (5/15)              Sewer (visited)         Ossuary (1/1)
 Temple: D:4-7

Altars:
Fedhas


Innate Abilities, Weirdness & Mutations

Your plain brown scales are hard. (AC +6)
You cannot fit into any form of body armour.
You are cold-blooded and may be slowed by cold attacks.


Message History

The centaur zombie hits you!
The centaur zombie hits you but does no damage.
The centaur zombie misses you. x2
You hit the centaur zombie.
The centaur zombie is almost destroyed.
The centaur zombie closely misses you.
The centaur zombie hits you but does no damage.
The mummy closely misses you. The mummy barely misses you.
The centaur zombie hits you but does no damage.
You thump the centaur zombie!
You destroy the centaur zombie!
The centaur zombie hits you but does no damage.
The centaur zombie closely misses you. The mummy hits you!
* * * LOW HITPOINT WARNING * * *
The mummy closely misses you.
You hit the mummy.
The mummy is almost destroyed.
The centaur zombie hits you but does no damage.
The mummy hits you!
You die...

#
###########.#
##............
#.............
#.....∩.∩..^..
#.MMZ.......^.
##.@......^...
###########.#
#


You could see 2 mummies and a centaur zombie.

Vanquished Creatures
  Purgy (Sewer)
  An ogre (D:3)
  A centaur zombie (Ossuary)
  A hound (D:4)
  An orc wizard (D:3)
  Jessica (D:2)
  A worker ant (D:4)
  A mummy (Ossuary)
  A howler monkey skeleton (D:3)
  4 adders
  2 oozes (D:2)
  2 worms
  5 dart slugs
  2 leopard geckos (D:2)
  10 orcs
  A ball python (D:1)
  11 bats
  7 giant cockroaches
  12 goblins
  4 hobgoblins
  3 jackals (D:2)
  13 kobolds
  A quokka (D:3)
  10 frilled lizards
  A leopard gecko zombie (D:5)
  4 rats
101 creatures vanquished.

Notes
Turn   | Place    | Note
-------+----------+-------------------------------------------
     0 | D:1      | funkygono the Draconian Air Elementalist began the quest
                  | for the Orb.
     0 | D:1      | Reached XP level 1. HP: 14/14 MP: 3/3
   508 | D:1      | Reached XP level 2. HP: 20/20 MP: 0/5
   997 | D:1      | Learned a level 2 spell: Swiftness
  1224 | D:1      | Reached XP level 3. HP: 26/26 MP: 4/6
  1228 | D:1      | Learned a level 3 spell: Static Discharge
  1535 | D:2      | Noticed Jessica
  1537 | D:2      | Killed Jessica
  1768 | D:2      | Reached XP level 4. HP: 33/33 MP: 0/8
  3296 | D:3      | Found a faded altar of an unknown god.
  3305 | D:3      | Found a glowing drain.
  3329 | D:3      | Reached XP level 5. HP: 39/39 MP: 3/9
  3335 | Sewer    | Entered a sewer
  3337 | Sewer    | Reached skill level 1 in Maces & Flails
  3447 | Sewer    | Noticed Purgy
  3464 | Sewer    | Killed Purgy
  3465 | Sewer    | Reached skill level 1 in Fighting
  3902 | D:3      | Found a blossoming altar of Fedhas.
  3916 | D:3      | Learned a level 4 spell: Airstrike
  4035 | D:3      | Reached XP level 6. HP: 47/47 MP: 0/11
  5431 | D:5      | Entered Level 5 of the Dungeon
  5518 | D:5      | Found a sand-covered staircase.
  5546 | Ossuary  | Entered an ossuary
  5564 | Ossuary  | Slain by a mummy

Illustrated notes

Levels and vault maps discovered:
D:1:      psy_arrival_fountain, layout_loops_corners, due_unseen_surprise
D:2:      layout_loops_ring, serial_co_window_serial, co_window_cross_1,
          co_window_corner_a, co_window_paths_a, co_window_corner_a,
          co_window_of_opportunity_a, co_window_paths_c, co_window_cross_2,
          co_window_corner_b, co_window_4corner_a, glass_columns_c,
          glass_columns_a, glass_columns_c, glass_columns_a, glass_columns_a,
          uniq_jessica
D:3:      layout_loops_corners, gup_sewer_entry_glass,
          chequers_ecumenical_altar_island, grunt_decor_arrowhead,
          fedhas_altar_3
D:4:      layout_gridville, minmay_stone_trees_medium, minmay_strange_pillars
D:5:      layout_loops_corners, nicolae_ossuary_entry_ruins, basic_altar,
          minmay_misc_feat_ornament, grunt_ministairs_15
Ossuary:  ossuary_the_hunt_dpeg

Skill      XL: |  1  2  3  4  5  6 |
---------------+-------------------+-----
Dodging        | 2 |  2.6
Stealth        | 2 |  2.3
Spellcasting   | 3 4 |  4.1
Conjurations   | 2 |  2.9
Maces & Flails | 1 2 |  2.1
Air Magic      | 4 |  4.6
Fighting       | 1 |  1.3

Action                   |  1- 3 |  4- 6 || total
-------------------------+-------+-------++-------
Melee: Unarmed           |    11 |       ||    11
       Whip              |     6 |    11 ||    17
       Tailslap          |     1 |     3 ||     4
       Mace              |       |    42 ||    42
 Cast: Shock             |    61 |   143 ||   204
       Static Discharge  |       |     4 ||     4
  Use: Scroll            |       |     7 ||     7
       Potion            |       |     1 ||     1
Armor: Skin              |     8 |    59 ||    67
Dodge: Dodged            |    18 |    86 ||   104

Table legend: (Time is in decaauts)
 A = Elapsed time spent in this place.
 B = Non-inter-level travel time spent in this place.
 C = Inter-level travel time spent in this place.
 D = Time resting spent in this place.
 E = Time spent auto-exploring this place.
 F = Levels seen in this place.
 G = Mean time per level.
                   A        B        C        D        E       F      G
               +--------+--------+--------+--------+--------+-----+--------+
         Total |   5586 |   5426 |    160 |     14 |   4633 |   7 |  798.0 |
       Dungeon |   5232 |   5072 |    160 |     14 |   4346 |   5 | 1046.4 |
         Sewer |    334 |    334 |      0 |      0 |    287 |   1 |  334.0 |
       Ossuary |     19 |     19 |      0 |      0 |      0 |   1 |   19.0 |
               +--------+--------+--------+--------+--------+-----+--------+

Top non-repeatable levels by time:
     D:1: 1477 daAuts
     D:2: 1475 daAuts
     D:3: 1416 daAuts
     D:4: 748 daAuts
   Sewer: 334 daAuts
     D:5: 114 daAuts
 Ossuary: 19 daAuts
